[Event "Baku Open 2024"]
[Site "Baku"]
[Date "2024.07.05"]
[Round "7.1"]
[White "Movahed, Sina"]
[Black "Narayanan S L"]
[Result "0-1"]
[ECO "B90"]
[WhiteElo "2482"]
[BlackElo "2668"]
[Annotator "TA"]
[PlyCount "94"]
[EventDate "2024.06.29"]
[EventType "swiss"]
[EventCountry "AZE"]
[SourceTitle "playchess.com"]
[Source "ChessBase"]
[SourceQuality "1"]
[TimeControl "5400+30"]

1. e4 c5 2. Nf3 d6 3. d4 cxd4 4. Nxd4 Nf6 5. Nc3 a6 6. Bd3 g6 $1 {[%emt 0:00:15][%mdl 4] is recently more successful than 6...e5.} 7. f3 {[%emt 0:00:15] B90: Sicilian Najdorf: Unusual White 6th moves, 6 Be3 Ng4 and 6 Be3 e5.} e5 8. Nb3 Be6 9. Be3 Nbd7 10. Qd2 b5 11. O-O Be7 12. Be2 $146 ({Predecessor:} 12. Bh6 b4 13. Na4 Nh5 14. Be3 Rb8 15. c3 a5 16. Rfd1 O-O 17. Rac1 Nf4 18. Ba6 {½-½ Csernus,R (2044)-Pilgram,K (2138) RA-2023-0-00719 2022}) 12... O-O 13. Kh1 Nb6 14. Na5 Qc7 15. a4 b4 16. Na2 Bxa2 17. Rxa2 d5 18. Bd3 $1 (18. c3 dxe4 19. fxe4 (19. cxb4 Nbd5 $17) 19... Nxe4 $17) 18... Rfc8 19. Qe1 Nh5 (19... Nbd7 $5 20. Nb3 $8 a5 $15) 20. g3 Nc4 21. Nb3 Nxe3 22. Qxe3 Nf6 23. a5 Re8 24. Raa1 Kg7 25. Qe2 Qc6 26. exd5 Nxd5 27. Rad1 Red8 $1 28. Nd2 Qc7 29. Nc4 Rac8 30. Rfe1 (30. Nxe5 $142 Qxa5 31. Bxa6) 30... f6 $11 31. Qe4 Bc5 32. h4 $2 (32. Be2 $15 Ne7 33. f4 exf4 34. Qxf4 Qxf4 35. gxf4) 32... Bf2 $19 33. h5 (33. Rf1 {was necessary.} f5 (33... Bxg3 34. Qg4 $19) 34. Qxe5+ Qxe5 35. Nxe5 Bxg3 (35... Ne3 $2 36. Kh2 $19) 36. Nc4) 33... Bxe1 (33... gxh5 $2 34. Re2 (34. Qxh7+ Kf8 $11) 34... Bd4 35. Qxh7+ Kf8 36. Qf5 $16 (36. Qxh5 Qg7 $18)) 34. Rxe1 Ne7 (34... gxh5 35. Qxh7+ Kf8 36. Qh8+ (36. Qxh5 Qg7 $17) 36... Ke7 37. Qh7+ (37. Qxh5 $2 Rh8 $19) 37... Kf8 38. Qh8+ (38. Qxh5 Qg7 $17) 38... Ke7 39. Qh7+ (39. Qxh5 $2 Rh8 $19) 39... Kf8 $11) 35. Nb6 Rd4 36. h6+ Kf8 (36... Kxh6 $2 37. Qe3+ Kg7 38. Nxc8 Qxc8 (38... Nd5 39. Qe2 $11) 39. Kg1 $19) 37. Qe2 Rcd8 38. Be4 Qc5 39. Qxa6 Rd1 40. Qe2 (40. Rxd1 {leads to mate.} Rxd1+) 40... Rxe1+ 41. Qxe1 Qxa5 42. Nc4 Qc5 43. b3 Nf5 44. Bxf5 gxf5 45. Kg2 Kf7 46. Qa1 Kg6 47. Qa6 Rd1 ({Weaker is} 47... Kxh6 48. Qxf6+ Kh5 49. Qxf5+ (49. Qxd8 Kg6 $18) 49... Kh6 50. Qf6+ Kh5 51. g4#) 0-1

[Event "Baku Open 2024"]
[Site "Baku"]
[Date "2024.07.05"]
[Round "7.2"]
[White "Puranik, Abhimanyu"]
[Black "Suleymanli, Aydin"]
[Result "1-0"]
[ECO "C54"]
[WhiteElo "2632"]
[BlackElo "2626"]
[Annotator "TA"]
[PlyCount "97"]
[EventDate "2024.06.29"]
[EventType "swiss"]
[EventCountry "AZE"]
[SourceTitle "playchess.com"]
[Source "ChessBase"]
[SourceQuality "1"]
[TimeControl "5400+30"]

1. e4 e5 2. Nf3 Nc6 3. Bc4 Nf6 4. d3 Bc5 5. c3 d6 6. b4 Bb6 7. a4 a5 8. b5 Ne7 9. O-O O-O 10. Nbd2 Ng6 11. d4 {[%emt 0:00:46] C54: Giuoco Piano: 4 c3 Nf6, main lines with 5 d4 and 5 d3.} Bg4 12. Qc2 Qd7 13. Re1 $5 {[%emt 0:04:02][%mdl 4] now scores much better than the old 13.dxe5. Leaves trodden paths.} Rfe8 14. Bb2 Nf4 15. Bf1 Bh5 16. h3 Rad8 17. Kh2 h6 18. g3 Ne6 19. Bg2 exd4 $146 ({Predecessor:} 19... Ng5 20. Nxg5 hxg5 21. Nc4 exd4 22. cxd4 Bg6 23. Rad1 g4 24. d5 gxh3 25. Nxb6 cxb6 26. Bxh3 {1-0 Abdusattorov,N (2766)-Grischuk,A (2719) Tashkent UzChess Masters 2024 (5)}) 20. cxd4 d5 21. exd5 Qxd5 22. Re5 Bg6 23. Qc3 Qd7 24. Nc4 Be4 25. Re1 (25. Nxa5 $2 Bxf3 26. Qxf3 (26. Bxf3 $2 Bxd4 27. Qb3 Bxe5 $19) 26... Bxa5 $19) 25... Bd5 26. R5e2 (26. Nxa5 $2 Bxf3 (26... Ra8 27. Nc4 $11) 27. Qxf3 (27. Bxf3 $2 Bxd4 28. Qc1 Bxe5 $19) 27... Bxa5 $19) (26. Rc1 $5) 26... Ng5 27. Nfe5 (27. Nxa5 $2 Bxf3 28. Rxe8+ Nxe8 $19 (28... Rxe8 $2 29. Rxe8+ Nxe8 30. Nc4 $19)) 27... Qe6 28. f3 $1 (28. Nxa5 $2 Bxg2 29. g4 Bxh3 (29... Bxd4 $2 30. Qa3 $19) 30. Nxb7 Rxd4 $19 (30... Nxg4+ 31. Nxg4 Qxg4 32. Rxe8+ Rxe8 33. Rxe8+ Kh7 34. Qg3 $19)) 28... Bxc4 29. Qxc4 (29. Nxc4 Qxe2 30. Rxe2 Rxe2) 29... Bxd4 (29... Qxc4 $11 {remains equal.} 30. Nxc4 Rxe2 31. Rxe2 Bxd4) 30. Qxc7 $1 $16 Bxb2 31. Rxb2 Qf5 32. f4 (32. Qxa5 Nd5) 32... Nd5 33. Qc2 (33. Qxb7 Nxf4 34. gxf4 (34. Rf2 $2 Ngxh3 35. Be4 Qf6 $19) 34... Qxf4+ 35. Kh1 Rxe5 $15) 33... Qxc2 34. Rxc2 Ne6 {[%emt 0:00:17] [#]} (34... Nh7 $16 {was worth a try.} 35. Rc5 Nhf6) 35. Nc4 $1 $18 Nb4 36. Rce2 Nd3 37. Rd1 Rd4 $2 (37... Ndc5 $16 38. Rxd8 Rxd8 39. Nxa5 Rd7) 38. f5 $18 (38. Bxb7 Rxc4 39. Rxd3 Rb8 $14) 38... Ndf4 39. gxf4 Rxd1 40. fxe6 Rxe6 41. Rxe6 fxe6 42. Bxb7 (42. Nxa5 Ra1 43. Nxb7 (43. Bxb7 Rxa4 44. Nc6 Rxf4 $16) 43... Rxa4 $18) 42... Rd4 (42... Ra1 $142 43. b6 (43. Nxa5 Rxa4 44. Nc6 Rxf4 $16) 43... Rxa4) 43. Bc8 $1 $18 (43. Nxa5 Rxf4 44. Bc8 Rxa4 45. Bxe6+ Kf8 $18) 43... Kf8 44. Bxe6 ({Not} 44. Nxa5 Rxa4 45. Nc6 Ra2+ 46. Kg3 Rb2 $18) 44... Re4 45. f5 Re2+ 46. Kg3 Ra2 47. b6 Rxa4 48. b7 Rb4 49. Nxa5 1-0

[Event "Baku Open 2024"]
[Site "Baku"]
[Date "2024.07.05"]
[Round "7.3"]
[White "Mamedov, Rauf"]
[Black "Ahmadzada, Ahmad"]
[Result "1-0"]
[ECO "A07"]
[WhiteElo "2651"]
[BlackElo "2481"]
[Annotator "TA"]
[PlyCount "77"]
[EventDate "2024.06.29"]
[EventType "swiss"]
[EventCountry "AZE"]
[SourceTitle "playchess.com"]
[Source "ChessBase"]
[SourceQuality "1"]
[TimeControl "5400+30"]

1. Nf3 d5 2. g3 Nf6 3. Bg2 c6 4. O-O Bg4 5. h3 Bh5 6. d4 {[%emt 0:00:51] A07: Réti Opening: New York and Capablanca Systems.} e6 7. c4 Nbd7 8. Ne5 Bd6 9. f4 Ne4 $146 ({Predecessor:} 9... O-O 10. Nc3 Bg6 11. Nxg6 hxg6 12. e4 dxe4 13. Nxe4 Nxe4 14. Bxe4 Nf6 15. Bf3 Qb6 {½-½ Kosteniuk,A (2501)-Gunina,V (2437) Swiss Queens Wed #2 blitz 2024 (8)}) 10. Bxe4 dxe4 11. Nc3 f5 12. Be3 g5 13. Qb3 gxf4 14. Bxf4 Nxe5 15. dxe5 Bc5+ 16. Kh2 Qe7 17. Rad1 O-O (17... Rg8 $14) 18. g4 $1 $16 Bg6 {[%emt 0:09:13] [#]} 19. gxf5 $1 Bxf5 (19... exf5 $16 20. Na4 Rfd8 21. Nxc5 Qxc5) 20. Na4 $18 Bg6 (20... Bb4 $2 21. Bg5 Qe8 (21... Qxg5 $2 22. Rg1 $18) 22. Rg1 $18 (22. Qxb4 Qh5 $18)) 21. Qg3 Rf5 22. Bh6 Rh5 23. Bc1 $2 ({White must play} 23. Nxc5 $18 Rxh6 24. Nxe4) 23... b5 $2 (23... Bb4 $14) 24. cxb5 cxb5 25. Nxc5 Qxc5 {[%emt 0:00:05] [#]} 26. Bg5 $1 e3 27. Bf6 (27. Bxe3 Qxe5 28. Rd4 Qxg3+ 29. Kxg3 Re5 $11) 27... Qc2 $2 (27... Qc4 28. Qxe3 Qe4 29. Qxe4 Bxe4 30. Rg1+ Bg6) 28. Qxe3 (28. Qg4 $142 Rf5 29. Rc1) 28... Qe4 $18 29. Qxe4 Bxe4 30. Rd4 Bf5 31. h4 Rh6 32. Rff4 Bb1 $2 (32... Rxf6 $16 33. exf6 e5 34. Rxf5 exd4) 33. Rd7 Bxa2 34. b3 a5 35. Rg7+ Kf8 36. Rb7 Kg8 37. Rxb5 ({Much less strong is} 37. Rg7+ Kf8 38. Rb7 Kg8 39. Rg7+ (39. Rxb5 Bb1 $18)) 37... Rc8 $2 (37... Bb1 38. Rb7 Bg6) 38. Rb7 $18 (38. Rxa5 Bxb3 39. Ra7 Bd5 $16) 38... Rh5 39. Rg4+ 1-0

[Event "Baku Open 2024"]
[Site "Baku"]
[Date "2024.07.05"]
[Round "7.4"]
[White "Abasov, Nijat"]
[Black "Shuvalova, Polina"]
[Result "1/2-1/2"]
[ECO "D02"]
[WhiteElo "2621"]
[BlackElo "2467"]
[Annotator "TA"]
[PlyCount "113"]
[EventDate "2024.06.29"]
[EventType "swiss"]
[EventCountry "AZE"]
[SourceTitle "playchess.com"]
[Source "ChessBase"]
[SourceQuality "1"]
[TimeControl "5400+30"]

1. d4 d5 2. Nf3 Nf6 3. Bf4 Bf5 4. e3 e6 5. Nbd2 Bd6 6. Ne5 Nbd7 {[%emt 0:02:26] D02: 1 d4 d5 2 Nf3 sidelines, including 2...Nf6 3 g3 and 2...Nf6 3 Bf4.} 7. Be2 h6 8. c4 O-O 9. O-O a5 $146 ({Predecessor:} 9... Qe7 10. Rc1 c6 11. Qb3 Rab8 12. Nxd7 Qxd7 13. Bxd6 Qxd6 14. Qc3 Rfe8 15. b4 a6 {½-½ Xu,Y (2549)-Liu,Y (2530) CHN-chT Div-A 2022 (8.5)}) 10. Rc1 a4 11. a3 Qe7 12. Bg3 c6 13. f4 Ne4 14. Nxe4 Bxe4 15. Bd3 Bxd3 16. Qxd3 Nf6 17. Bh4 g5 $1 18. fxg5 Ne4 19. Ng4 (19. gxh6 $2 {loses.} Qxh4 20. h7+ Qxh7 $19) (19. cxd5 $15 cxd5 20. Nc4) 19... hxg5 $17 20. Nf6+ {[%emt 0:00:13] [#]} Kg7 $1 (20... Nxf6 $2 {too greedy.} 21. Bxg5 Kg7 (21... dxc4 $2 22. Qd1 $18) 22. Bxf6+ Qxf6 23. Rxf6 Kxf6 24. c5 $18) 21. Bxg5 Bxh2+ (21... Nxg5 $17 22. Nh5+ Kh8) 22. Kxh2 $11 Rh8+ 23. Kg1 Nxg5 24. e4 Nxe4 25. Nxe4 dxe4 26. Qxe4 Rh6 27. Rc3 Rg6 28. Rg3 Rxg3 29. Qe5+ f6 30. Qxg3+ Kf7 31. Rf4 Rg8 32. Qf2 Rg6 33. Rh4 Qd6 34. Qf3 Rg7 35. Kf2 Ke7 36. g3 Kf7 37. Rf4 Rg6 38. Qh5 Kg7 39. Qf3 Kf7 40. Kg2 Kg7 41. Rh4 Rg5 42. Kh2 Rg6 43. Kg2 Rg5 44. Qd3 Rg6 45. Rh5 f5 46. Rh4 b5 47. cxb5 Qd5+ 48. Kf2 cxb5 49. Qc3 Qc4 50. Qxc4 bxc4 51. Kf3 Kf6 52. Kf4 e5+ 53. dxe5+ Ke6 54. Kf3 Kd5 55. Kf4 Ke6 56. Kf3 Kd5 57. Kf4 1/2-1/2

[Event "Baku Open 2024"]
[Site "Baku"]
[Date "2024.07.05"]
[Round "7.5"]
[White "Agmanov, Zhandos"]
[Black "Aditya Mittal"]
[Result "0-1"]
[ECO "B90"]
[WhiteElo "2464"]
[BlackElo "2595"]
[Annotator "TA"]
[PlyCount "110"]
[EventDate "2024.06.29"]
[EventType "swiss"]
[EventCountry "AZE"]
[SourceTitle "playchess.com"]
[Source "ChessBase"]
[SourceQuality "1"]
[TimeControl "5400+30"]

1. e4 c5 2. Nf3 d6 3. d4 cxd4 4. Nxd4 Nf6 5. Nc3 a6 6. Be3 e5 7. Nf3 Be7 8. Bc4 O-O 9. O-O Nc6 10. Re1 {[%emt 0:00:08] B90: Sicilian Najdorf: Unusual White 6th moves, 6 Be3 Ng4 and 6 Be3 e5.} Be6 {[%emt 0:00:19] 10...b5 is vanishing.} 11. Nd5 Bxd5 12. exd5 Nb8 $5 {[%emt 0:00:01][%mdl 4] An interesting side line.} 13. Bf1 $146 ({Predecessor:} 13. a4 Nbd7 14. a5 Ng4 15. Bc1 f5 16. Bf1 Bf6 17. h3 Nh6 18. c4 Nf7 19. b4 {1-0 Karjakin,S (2760)-Ivanchuk,V (2729) Medias King blitz 11th 2017 (10)}) 13... Nbd7 14. c4 a5 15. b3 Ng4 16. Bd2 f5 17. h3 Ngf6 18. a3 Ne4 19. Be3 Ng5 20. Bxg5 Bxg5 21. b4 (21. Nxg5 $11 Qxg5 22. b4) 21... Bf6 $1 $15 22. Rc1 axb4 23. axb4 Qb6 24. c5 Qxb4 25. c6 Nc5 26. Rb1 Qa5 27. Nd2 Qc7 28. Nc4 e4 29. cxb7 (29. Qd2 $15) 29... Ra7 30. Rb6 Nxb7 ({Much worse is} 30... Rxb7 $6 31. Rxd6 Nd7 32. Rc6 $14) 31. Rc6 Qe7 32. Qd2 f4 33. Qxf4 Bh4 34. Qxe4 Bxf2+ 35. Kh2 Qg5 36. Rc8 $1 Nd8 37. Rd1 Bg3+ 38. Kh1 Re7 39. Qd3 Rfe8 40. Qf3 h5 41. Rb8 Kh7 (41... Rf8 {with more complications.} 42. Qd3 Bf4 43. Rdb1 g6) 42. Rbb1 (42. Bd3+ $5 g6 43. Rf1 $11) 42... Kh6 43. Qa3 Nf7 44. Qf3 Nh8 (44... Ne5 $15 45. Nxe5 Rxe5) 45. Qa3 Nf7 (45... Qf4 $11 {might be stronger.}) 46. Qf3 $15 g6 47. Bd3 Be1 48. Bf1 Qh4 49. Qd3 $2 (49. Rxe1 $1 $11 Rxe1 50. Rxe1 Rxe1 51. Qxf7) 49... Bg3 $2 ({Black should play} 49... Ng5 $1 $19 50. Nxd6 Rf8) 50. Nd2 $2 ({White should try} 50. Rb3 $15 Re1 51. Rxe1 Rxe1 52. Rb1) 50... Re3 $19 51. Qc4 {[%emt 0:00:30] [#]} Bf4 $1 52. Rb4 g5 53. Qd4 {[%emt 0:00:10] [#]} R8e5 $1 54. Nf3 $2 (54. Qa1 Rf5 (54... Rxd5 55. Qf6+ Kh7 56. Qxf7+ Kh6 57. Qf6+ Kh7 58. Rb7+) 55. Nf3) 54... Qg3 $19 55. Rb2 g4 0-1

[Event "Baku Open 2024"]
[Site "Baku"]
[Date "2024.07.05"]
[Round "7.6"]
[White "Zverev, Lev"]
[Black "Muradli, Mahammad"]
[Result "1-0"]
[ECO "B90"]
[WhiteElo "2416"]
[BlackElo "2575"]
[Annotator "TA"]
[PlyCount "83"]
[EventDate "2024.06.29"]
[EventType "swiss"]
[EventCountry "AZE"]
[SourceTitle "playchess.com"]
[Source "ChessBase"]
[SourceQuality "1"]
[TimeControl "5400+30"]

1. e4 c5 2. Nf3 d6 3. d4 cxd4 4. Nxd4 Nf6 5. Nc3 a6 6. Be3 e5 7. Nb3 Be6 8. f3 h5 9. Nd5 Bxd5 10. exd5 Nbd7 11. Qd2 {[%emt 0:00:22] The position is equal.} g6 12. O-O-O Qc7 13. Kb1 Bg7 14. Rg1 Nb6 15. Qa5 Rc8 16. c3 {[%emt 0:00:36] Active counter play!} Nbd7 17. Qb4 b5 (17... Bh6 $14 18. Bf2 (18. Bxh6 Rxh6 19. f4 Kf8 $16) 18... b5) 18. Na5 (18. Qa3 $16) 18... O-O $11 19. Nc6 Nb6 20. Bxb6 Qxb6 21. Bc4 $1 Qc7 22. Be2 Rfe8 23. a4 bxa4 24. Bxa6 Rb8 (24... Nxd5 {simplifies} 25. Rxd5 Qxc6 26. Qb5 Qxb5 27. Bxb5 Re7) 25. Qxa4 {[%emt 0:06:11] [#]} (25. Nxb8 $14 Rxb8 26. Bb5) 25... Nxd5 $1 $15 26. Nxb8 Rxb8 27. Bb5 $2 ({White must play} 27. Rxd5 $15 Qb6 (27... Qxc3 $2 28. Qe8+ Rxe8 29. bxc3 $18) 28. Qb5 Qxg1+ 29. Qf1 Qxh2 30. Qe2) 27... Qc5 (27... Nxc3+ $1 $19 {has better winning chances.} 28. bxc3 Qc5) 28. c4 $17 {[%emt 0:00:17][%cal Oa4a3] [#]} Ne3 $2 ({Better is} 28... Nb4 $1 $17 {aiming for ...d5.} 29. Rge1 d5) 29. Qa3 $1 $11 {[%emt 0:01:44] Black must now prevent Qxc5.} Qxa3 30. bxa3 d5 31. Rd3 (31. a4 $5 Nxd1 (31... dxc4 32. Rd7 $16) 32. Rxd1 dxc4 33. Kc2 $11) 31... d4 (31... Nxc4 $11 32. a4 (32. Rxd5 $2 Nxa3+ 33. Kc1 Nxb5 $19) 32... e4 33. fxe4 (33. Rxd5 exf3 34. gxf3 Nb6 $11) 33... dxe4) 32. a4 $16 Bf8 {[%emt 0:00:31] [#]} 33. c5 $1 Bxc5 34. Rc1 $36 {[%emt 0:00:28][%mdl 2048] White is on the roll.} Bb6 (34... Bb4 $16) 35. Rb3 $18 {[%emt 0:00:32] Bd3 is the strong threat.} Ba5 (35... Nxg2 $2 36. Bf1 Nh4 37. a5 Bxa5 38. Rxb8+ $18) 36. Rc5 Nxg2 $2 (36... Rb7 {might work better.} 37. Rxe5 Kg7) 37. Bc4 (37. Rxe5 Ne3 $14) 37... Ra8 38. Rb7 (38. Rxe5 Ra7 $16) 38... Kg7 39. Bxf7 ({Resist} 39. Rxf7+ Kh6 40. Bd5 (40. Rxe5 Bc3 $18) 40... Ra6 $18) 39... Kh6 40. Bd5 d3 (40... Ra6 $142 41. Bg8 Ra8 42. Rxe5 Rxg8) 41. Rb2 d2 42. Rxd2 {[%emt 0:00:14] White used his chance.   Weighted Error Value: White=0.19 (very precise) /Black=0.39.  Loses game:     	White=1     	---        Missed win:     	---       	Black=1      Mistake:       	White=2     	Black=6      Inaccurate:     	White=1     	Black=2      OK:         	White=12    	Black=10     Best:        	White=5     	Black=1      Strong:       	White=2     	---        Brilliant:      	White=1     	Black=1} (42. Bxa8 $2 {too greedy.} d1=Q+ (42... d1=R+ $2 43. Ka2 $18) 43. Rc1 Qd3+ (43... Qxa4 44. Rxg2 Qb3+ 45. Rb2 $17) 44. Ka2 Nf4 $19) 1-0

[Event "Baku Open 2024"]
[Site "Baku"]
[Date "2024.07.05"]
[Round "7.7"]
[White "Talibov, Shiroghlan"]
[Black "Samadov, Read"]
[Result "1/2-1/2"]
[ECO "B81"]
[WhiteElo "2361"]
[BlackElo "2503"]
[Annotator "TA"]
[PlyCount "157"]
[EventDate "2024.06.29"]
[EventType "swiss"]
[EventCountry "AZE"]
[SourceTitle "playchess.com"]
[Source "ChessBase"]
[SourceQuality "1"]
[TimeControl "5400+30"]

1. e4 c5 2. Nf3 d6 3. d4 cxd4 4. Nxd4 Nf6 5. Nc3 a6 6. h3 e6 7. g4 h6 8. Bg2 Be7 9. b3 Nc6 10. Bb2 O-O ({Black should play} 10... Bd7 $11) 11. O-O (11. Nxc6 $14 bxc6 12. h4) 11... Nxd4 $11 12. Qxd4 e5 13. Qd3 Be6 14. a4 Rc8 15. Ne2 h5 16. g5 Nd7 17. f4 exf4 18. Nxf4 Ne5 19. Qe2 (19. Bxe5 $15 dxe5 20. Qxd8 Rcxd8 21. Nxe6 fxe6 22. h4) 19... Bxg5 $17 20. Nxe6 fxe6 21. Qxh5 Rxc2 22. Bxe5 {[%emt 0:01:24] Threatens to win with Rxf8+.} dxe5 23. Rxf8+ Kxf8 24. Rf1+ ({Better is} 24. Qh8+ $15 Kf7 25. Rf1+ Kg6 26. Qxd8 Bxd8 27. Bf3) 24... Bf6 ({Black should try} 24... Kg8 $17 25. Qf7+ Kh7 26. Qh5+ Bh6 27. Qxe5 Qb6+ 28. Kh1 Qxb3) 25. Qxe5 Ke7 {[%emt 0:00:58] White is weak on the dark squares} 26. Qf4 {[%emt 0:02:08] e5 would now be deadly.} Qd4+ 27. Kh1 Qe5 (27... Rc3 {simplifies} 28. e5 Qxf4 29. Rxf4 Bxe5 30. Rf3 Rc2) 28. Qg4 Rc3 29. Rf3 Rc5 30. Rf1 a5 31. Qd1 Qg3 {[%emt 0:01:13] Strongly threatening ...Be5.} 32. Rf3 Qc7 {[%emt 0:00:56] White must now prevent ...Rc1.} 33. Qd3 Rc1+ 34. Rf1 Rc3 35. Qb5 b6 36. Rd1 (36. e5 $17 Bxe5 37. b4) 36... Be5 $19 37. Rf1 Rg3 $1 38. Qa6 $2 (38. Qe2 {only move.}) 38... Rxb3 (38... Qc3 $142 {( -> ...Rxh3+)} 39. Rf2 Rd3 (39... Qxb3 $2 {too greedy.} 40. Qa7+ Kd6 41. Qb8+ Kc6 42. Qxe5 $18)) 39. Qa8 Qb8 40. Qa6 Rc3 41. Rb1 Qc7 42. Rd1 Rg3 43. Qe2 {[%emt 0:00:58] Prevents Qc2.} Qc3 44. Qh5 Re3 45. Qg5+ {[%emt 0:02:12] [#]} Bf6 $1 46. Qf4 Re1+ 47. Rxe1 Qxe1+ {[%emt 0:00:01][%mdl 4096] Endgame. KQB-KQB} 48. Qf1 (48. Bf1 $17) 48... Qb4 49. e5 Bxe5 50. Bc6 Qd2 {[%emt 0:00:56] Wards off Qd3} 51. Qg1 {[%emt 0:00:32] [#] Wards off Qh2+} (51. Bg2) 51... Qf4 $2 (51... Qc3 $1 $19 {[%cal Rc3h3] has better winning chances.} 52. Bg2 Bd4) 52. Bb5 $17 g5 53. Qg2 Qc1+ 54. Qg1 Qf4 55. Qg2 $1 Qe3 56. Qg4 Bf4 57. Kg2 Qe1 58. Qf3 Kf6 59. Qd3 Ke5 60. Kf3 Qg3+ 61. Ke2 Qg2+ 62. Kd1 Qg1+ 63. Ke2 Qc1 64. Kf3 Qh1+ 65. Ke2 Qg2+ 66. Kd1 Qg1+ 67. Ke2 $1 Qc5 68. Kf3 Qc7 69. Qe4+ Kf6 70. h4 Qe5 (70... Qc5 $17) 71. hxg5+ (71. Qxe5+ $1 $11 {keeps the balance.} Kxe5 72. h5) 71... Bxg5 72. Qxe5+ Kxe5 $11 {[%emt 0:00:01] KB-KB} 73. Bc4 Bh6 74. Ke2 Kf5 75. Kf3 e5 76. Bd3+ {[%emt 0:00:05] Black is slightly better.} Ke6 77. Ke4 Kd6 78. Bb5 Bg7 79. Be8 {[%emt 0:00:03] Black had all chances to win.   Weighted Error Value: White=0.35/Black=0.25 (precise) .  Missed win:     	---       	Black=1      Mistake:       	White=8     	Black=4      Inaccurate:     	White=7     	Black=6      OK:         	White=20    	Black=27     Best:        	White=9     	Black=1      Strong:       	White=2     	Black=2} 1/2-1/2

[Event "Baku Open 2024"]
[Site "Baku"]
[Date "2024.07.05"]
[Round "7.8"]
[White "Ibrahimli, Murad"]
[Black "Asadli, Vugar"]
[Result "1/2-1/2"]
[ECO "A21"]
[WhiteElo "2400"]
[BlackElo "2560"]
[Annotator "TA"]
[PlyCount "152"]
[EventDate "2024.06.29"]
[EventType "swiss"]
[EventCountry "AZE"]
[SourceTitle "playchess.com"]
[Source "ChessBase"]
[SourceQuality "1"]
[TimeControl "5400+30"]

1. c4 e5 2. g3 d6 3. Nc3 f5 4. d4 Be7 5. dxe5 dxe5 6. Qxd8+ Bxd8 7. Nf3 Nc6 8. Be3 Be6 9. Bh3 h6 10. O-O-O g5 {[%emt 0:14:22][%cal Og5g4] [#] Strongly threatening ...g4!} 11. Nd2 g4 (11... Nf6 $11) 12. Bg2 $14 Bg5 13. Bxc6+ bxc6 14. Na4 (14. Bxg5 hxg5 15. Nb3 Nf6 $11) 14... Kf7 15. Nc5 Ne7 ({Black should play} 15... Nf6 $14) 16. h4 (16. Bxg5 $18 {has better winning chances.} hxg5 17. f3) 16... gxh3 17. f4 Bf6 18. Rxh3 Rag8 19. Rdh1 Bc8 20. Nf3 {[%emt 0:02:33] White is more active. A dynamic duo of knights.} (20. Rxh6 Rxh6 21. Rxh6 Rxg3 22. Rxf6+ Kxf6 23. Nde4+ fxe4) (20. fxe5 $142 Bxe5 21. Bf4 (21. Bxh6 Bd6 $15) (21. Rxh6 Rxh6 22. Rxh6 Rxg3 $16) 21... Bxf4 22. gxf4) 20... e4 $16 21. Ne1 (21. Ne5+ Bxe5 22. fxe5 f4 23. Bxf4 (23. e6+ Bxe6 24. Nxe6 fxe3 $11) 23... Bxh3 24. Rxh3 e3) 21... Rg6 22. Nc2 Rd8 23. Bf2 ({Don't play} 23. Rxh6 $6 Rxg3 24. Rh7+ Kf8 $11) ({White should try} 23. Nb3 $16) 23... Ng8 24. Na4 a6 25. Rd1 Rxd1+ 26. Kxd1 Be7 27. Bc5 Bd8 28. Nb4 Bf6 29. b3 (29. Nxc6 $2 Bd7 30. Nb4 Bxa4+ $19) 29... Bg7 30. Ke1 Re6 31. Nc2 Nf6 32. Bd4 ({Inferior is} 32. Nd4 Re8 $15) 32... Bf8 33. Be5 Ng4 34. Bxc7 c5 35. e3 Bd7 36. Nc3 Rc6 37. Ba5 Rd6 38. Ke2 Bg7 39. Nb1 (39. Nd5 $14) 39... Be8 $11 40. Rh1 Ke6 41. Rd1 Rxd1 42. Kxd1 Nf2+ 43. Ke2 Nd3 44. Bc3 Bh5+ 45. Kf1 Bf8 46. Bd2 {[%emt 0:00:14] Repels Nc1} Bd1 47. Ne1 Nb4 48. Nc3 Bg4 49. Bc1 (49. a3 $14 Nc6 50. Nc2) 49... Bg7 50. Na4 Kd6 51. Ba3 Bd1 52. Ng2 Nd3 53. Ne1 {[%emt 0:00:27] [#] Nxd3 is the strong threat.} (53. Nh4 $5 Bg4 $8 54. Ng6 $11) 53... Nb4 54. Bxb4 cxb4 {[%emt 0:00:01][%mdl 4096] Endgame. KBB-KNN} 55. Ng2 Bf6 56. Ke1 Bf3 57. Nh4 Bxh4 58. gxh4 {[%emt 0:00:05] KB-KN} Kc6 59. Kd2 Bh5 60. Kc2 Bf7 61. Kb2 (61. a3 $5 a5 $8 (61... bxa3 $2 {perishes.} 62. Kb1 $18) 62. Kb1 $11) 61... Bh5 62. a3 a5 63. Ka2 Bf7 (63... Bd1 $11) 64. Kb1 $14 Bh5 65. Kb2 (65. Nb2 $1 $14) 65... Bf7 ({Better is} 65... Bd1 $11) 66. axb4 (66. Ka2 $14) 66... axb4 $11 {[%emt 0:00:01] The position is equal.} 67. Ka2 Bh5 68. Kb1 Bf7 69. Kc2 Bh5 70. Nc3 bxc3 71. Kxc3 {[%emt 0:00:02] KB-KP} Bd1 72. b4 Be2 73. Kd4 h5 74. Ke5 Bg4 75. Kd4 Be2 76. Kc3 Bf1 {[%emt 0:00:13] White really could win this.   Weighted Error Value: White=0.13 (very precise) /Black=0.13 (very precise) .  Mistake:       	White=7     	Black=4      Inaccurate:     	White=4     	Black=6      OK:         	White=27    	Black=27     Best:        	White=3     	Black=7} 1/2-1/2